 Dungeon Crawl Stone Soup version 0.31.0-11-ge490571c62 (webtiles) character file.

Game seed: 13039145621000496396

49 qw the Shooter (level 3, -1/20 HPs)
             Began as a Deep Elf Hunter on Feb 3, 2024.
             Slain by a hobgoblin (3 damage)
             ... on level 2 of the Dungeon.
             The game lasted 00:00:03 (780 turns).

qw the Shooter (Deep Elf Hunter)                     Turns: 780, Time: 00:00:03

Health: -1/20      AC:  3    Str: 10    XL:     3   Next: 51%
Magic:  5/5        EV: 12    Int: 13    God:
Gold:   58         SH:  0    Dex: 18    Spells: 2/2 levels left

rFire   . . .        a - +0 shortbow
rCold   . . .        (shield currently unavailable)
rNeg    . . .        c - +0 leather armour
rPois   .            (no helmet)
rElec   .            (no cloak)
rCorr   .            (no gloves)
SInv    .            (no boots)
Will    .....        (no amulet)
Stlth   ++           (no ring)
HPRegen 0.23/turn    (no ring)
MPRegen 0.09/turn

%: no passive effects
@: lethally poisoned (-1 -> -6)
A: no striking features
a: no special abilities


You were on level 2 of the Dungeon.
You visited 1 branch of the dungeon, and saw 2 of its levels.

You collected 58 gold pieces.


   Skills:
 - Level 1.5 Fighting
 + Level 7.0 Ranged Weapons
 - Level 2.4 Dodging
 - Level 1.2 Stealth


You had 2 spell levels left.
You didn't know any spells.
Your spell library was empty.

Inventory:

Hand Weapons
 a - a +0 shortbow (weapon)
Armour
 c - a +0 leather armour (worn)
Potions
 e - a potion of enlightenment

Dungeon Overview and Level Annotations

Branches:
Dungeon (2/15)

Altars:


Message History

You shoot an arrow. The adder hisses angrily.
The arrow hits the ball python!
You kill the ball python!
Your life force feels restored.
You shoot an arrow.
The arrow hits the hobgoblin but does no damage.
You shoot an arrow. The arrow closely misses the quokka.
The quokka twitches its whiskers.
You shoot an arrow. The arrow closely misses the quokka.
A kobold comes into view. It is wielding a +0 dagger.
You shoot an arrow. The arrow hits the quokka.
The quokka is almost dead.
The quokka bites you. The hobgoblin misses you. The adder bites you.
You shoot an arrow.
The arrow hits the quokka but does no damage.
The quokka is almost dead.
The quokka misses you. The hobgoblin misses you. The adder bites you.
You are poisoned.
The adder poisons you! The quokka bites you.
You shoot an arrow. The arrow hits the quokka!
You kill the quokka!
You feel sick. The adder closely misses you. The hobgoblin closely misses you.
The adder closely misses you.
You shoot an arrow. The arrow hits the adder.
The adder is heavily wounded.
You feel sick. The hobgoblin closely misses you. The adder barely misses you.
The hobgoblin hits you.
You shoot an arrow. The arrow misses the adder.
You feel sick. The adder bites you.
You are lethally poisoned!
The adder poisons you! The hobgoblin closely misses you.
The adder bites you but does no damage.
You shoot an arrow. The arrow misses the adder.
You feel sick. The adder closely misses you. The kobold barely misses you.
The hobgoblin hits you.
You shoot an arrow. The arrow hits the adder!
You kill the adder!
You feel sick. The kobold closely misses you. The hobgoblin hits you.
You die...

#########
#.......#
#.###...#
###### #.#
#...###
#....#######.#
#.#....
+...%.(......#
#.#....
#....#########
#.#....
#...g@...#
..#......
#...K.##.#
#.###....
.).%....#
#.#####'#
#.........
#####.......#
...........
.............
......####.
#######.##.##
...... ..
#<##..##.#
##### ..
#...(###.#
#..........#.#


You could see a hobgoblin and a kobold.

Vanquished Creatures
  2 adders (D:2)
  3 ball pythons
  2 endoplasms (D:1)
  A giant cockroach (D:1)
  4 goblins
  4 hobgoblins (D:1)
  3 jackals (D:1)
  2 quokkas (D:2)
  4 bats
  4 frilled lizards (D:1)
  5 kobolds
  6 rats
40 creatures vanquished.

Notes
Turn   | Place    | Note
-------+----------+-------------------------------------------
     0 | D:1      | qw the Deep Elf Hunter began the quest for the Orb.
     0 | D:1      | Reached XP level 1. HP: 12/12 MP: 3/3
     0 | D:1      | 0 ||| qw: Version: 0.3-a-155-g5e7d8dd
     0 | D:1      | 0 ||| qw: Game counter: 3381
     0 | D:1      | 0 ||| qw: Melee chars always use a shield: true
     0 | D:1      | 0 ||| qw: God list: Okawaru
     0 | D:1      | 0 ||| qw: Allow faded altars: false
     0 | D:1      | 0 ||| qw: Do Orc after clearing Dungeon:15 true
     0 | D:1      | 0 ||| qw: Do second Lair branch before Depths: true
     0 | D:1      | 0 ||| qw: Lair rune preference: random
     0 | D:1      | 0 ||| qw: Goals: Normal
     0 | D:1      | 0 ||| PLANNING D:1-11
    94 | D:1      | Reached XP level 2. HP: 16/16 MP: 4/4
    98 | D:1      | Reached skill level 6 in Ranged Weapons
   390 | D:1      | Reached XP level 3. HP: 20/20 MP: 5/5
   633 | D:1      | 633 ||| READING scroll labelled DETUSK ENATT.
   633 | D:1      | 633 ||| IDENTIFYING ruby potion
   634 | D:1      | 634 ||| READING scroll labelled KEEPECR QYSATZ.
   667 | D:1      | 667 ||| DROPPING scroll of butterflies.
   756 | D:2      | Reached skill level 7 in Ranged Weapons
   779 | D:2      | HP: 4/20 [poisoned by an adder]
   780 | D:2      | Slain by a hobgoblin

Levels and vault maps discovered:
D:1:      dpeg_arrival_fog, layout_loops_ring, minmay_tromino_v4_c
D:2:      layout_basic

Skill      XL: |  1  2  3 |
---------------+----------+-----
Ranged Weapons | 6 7 |  7.0
Fighting       | |  1.5
Dodging        | |  2.4
Stealth        | |  1.2

Action                     || total
---------------------------++-------
   Fire: Shortbow          ||   108
    Use: Scroll            ||     2
 Armour: Leather armour    ||    26
  Dodge: Dodged            ||    44

Table legend:
 A = Non-vault XP
 B = Vault XP
 C = Vault XP percentage of total XP
 D = Non-vault monster count
 E = Vault monster count
 F = Vault count percentage of total count
                 A         B        C        D         E       F
            +---------+---------+-------+---------+---------+-------
      Total |      81 |       2 |   2.4 |      39 |       1 |   2.5
            +---------+---------+-------+---------+---------+-------
        D:1 |      41 |       2 |   4.7 |      27 |       1 |   3.6
        D:2 |      40 |       0 |   0.0 |      12 |       0 |   0.0
            +---------+---------+-------+---------+---------+-------
